Montreal Canadiens vs Chicago Black Hawks
Created - Tuesday, September 12, 2023 at 07:22
Goals
|
| Montreal Canadiens |
0 |
3 |
2 |
0 |
5 |
| Chicago Black Hawks |
2 |
1 |
2 |
1 |
6 |
|
Shots
|
| Montreal Canadiens |
10 |
9 |
15 |
0 |
34 |
| Chicago Black Hawks |
13 |
9 |
18 |
1 |
41 |
|
1st period
1. Chicago Black Hawks , Bo Horvat 9 (Tyler Bertuzzi 9, Seth Jones 8) at 1:16
2. Chicago Black Hawks , Tyler Bertuzzi 5 (Bo Horvat 15, Devon Toews 1) at 16:15
Penalties :
Michael Rasmussen (CHI) for Roughing (Minor) at 10:33
2nd period
3. Montreal Canadiens , Sidney Crosby 10 (Filip Forsberg 9, Filip Hronek 5) at 6:15
4. Chicago Black Hawks , Cole Perfetti 2 (Devon Toews 2) at 11:52
5. Montreal Canadiens , Christian Fischer 4 (Jake Evans 4, Tomas Nosek 1) at 14:42
6. Montreal Canadiens , Sidney Crosby 11 (Patrik Laine 13, Filip Forsberg 10) at 19:07
Penalties :
Tyson Jost (MTL) for Cross-checking (Minor) at 1:40
3rd period
7. Chicago Black Hawks , Barrett Hayton 5 (Tyler Bertuzzi 10, Patrice Bergeron 6) at 8:44 (PP)
8. Montreal Canadiens , Patrik Laine 8 (Sidney Crosby 17) at 10:23 (PP)
9. Montreal Canadiens , Sidney Crosby 12 (Patrik Laine 14, Filip Forsberg 11) at 11:46
10. Chicago Black Hawks , Shane Pinto 3 (Frederick Gaudreau 3, Cole Perfetti 1) at 14:37
Penalties :
Martin Necas (MTL) for Interference (Minor) at 4:04, Jake Evans (MTL) for High sticking (Minor) at 8:39, Christopher Tanev (CHI) for Hooking (Minor) at 9:53
Overtime #1
11. Chicago Black Hawks , Morgan Rielly 2 (Bo Horvat 16, Morgan Frost 6) at 4:29
Penalties :
No Penalty
Goalie Stats
Jacob Markstrom (MTL), 35 saves from 41 shots - (0.854), OTL, 8-5-2, 64:29 minutes
Jordan Binnington (CHI), 29 saves from 34 shots - (0.853), W, 3-2-0, 64:29 minutes
Players Stats for Montreal Canadiens
Player Name G A P +/- PIM S H SB GA TA FO MP PP MP PK MP
------------------------------------------------------------------------------------
Adam Fox 0 0 0 -1 0 3 2 3 0 0 0/0 29:42 1:35 1:23
Brady Skjei 0 0 0 -1 0 0 2 0 0 1 0/0 28:15 0:54 0:00
Christian Fischer 1 0 1 -2 0 3 2 0 1 1 0/0 12:51 0:00 2:12
Evgeni Dadonov 0 0 0 0 0 3 2 0 0 0 0/0 11:17 0:00 0:31
Filip Forsberg 0 3 3 2 0 2 0 0 0 1 0/1 22:49 1:33 0:00
Filip Hronek 0 1 1 0 0 0 0 0 0 0 0/0 20:11 1:35 0:00
Jake Evans 0 1 1 -1 2 5 2 0 1 0 5/9 13:05 0:56 1:38
Jonathan Marchessault 0 0 0 -1 0 2 1 0 0 1 0/1 15:10 0:56 0:00
Marco Scandella 0 0 0 0 0 1 1 1 0 0 0/0 14:37 0:00 2:40
Martin Necas 0 0 0 -1 2 1 3 0 1 1 0/0 17:32 0:56 0:45
Miles Wood 0 0 0 0 0 3 1 0 1 0 0/0 9:06 0:00 0:00
Patrik Laine 1 2 3 1 0 3 0 0 1 0 0/0 22:12 1:33 0:00
Scott Mayfield 0 0 0 0 0 0 1 1 0 1 0/0 14:37 0:00 2:40
Sidney Crosby 3 1 4 2 0 5 0 1 0 1 14/30 22:54 1:33 0:05
Tomas Nosek 0 1 1 -1 0 2 2 1 0 0 1/1 12:29 0:00 1:57
Tyler Myers 0 0 0 0 0 1 1 1 0 0 0/0 21:36 0:54 1:23
Tyson Jost 0 0 0 -1 2 0 0 1 0 0 6/17 16:21 0:00 0:58
Vladislav Namestnikov 0 0 0 0 0 0 2 0 0 0 3/6 9:06 0:00 0:00
Players Stats for Chicago Black Hawks
Player Name G A P +/- PIM S H SB GA TA FO MP PP MP PK MP
------------------------------------------------------------------------------------
Barrett Hayton 1 0 1 0 0 3 2 2 0 0 0/0 19:34 2:02 0:47
Bo Horvat 1 2 3 1 0 3 1 0 0 0 6/12 18:12 2:01 0:46
Brent Burns 0 0 0 0 0 0 1 3 0 0 0/0 22:41 2:05 0:00
Cal Clutterbuck 0 0 0 -1 0 1 5 0 0 1 0/0 13:50 0:00 1:02
Christopher Tanev 0 0 0 2 2 0 0 1 0 1 0/0 19:34 0:00 0:50
Cole Perfetti 1 1 2 2 0 3 0 1 0 0 0/1 9:26 0:00 0:00
Devon Toews 0 2 2 3 0 1 0 1 0 0 0/0 21:48 1:58 1:20
Frederick Gaudreau 0 1 1 2 0 3 0 0 0 0 3/9 10:28 0:00 1:02
Kevin Fiala 0 0 0 -1 0 3 2 1 0 1 0/1 19:15 2:01 0:00
Michael Rasmussen 0 0 0 -1 2 3 1 0 1 0 0/0 14:45 0:00 0:13
Morgan Frost 0 1 1 -1 0 7 1 0 1 0 7/13 14:52 0:00 0:00
Morgan Rielly 1 0 1 -1 0 3 1 2 0 0 0/0 19:11 1:58 0:00
Patrice Bergeron 0 1 1 -1 0 2 2 0 2 0 16/24 19:48 2:02 1:08
Seth Jones 0 1 1 0 0 1 1 1 0 0 0/0 25:13 2:05 1:09
Shane Pinto 1 0 1 3 0 2 0 1 0 0 1/1 10:37 0:00 0:00
Travis Sanheim 0 0 0 -2 0 2 0 1 0 1 0/0 20:30 0:00 1:39
Tyler Bertuzzi 1 2 3 0 0 2 3 1 0 0 1/1 16:20 2:02 0:00
Vincent Trocheck 0 0 0 -1 0 2 2 0 3 1 2/3 19:21 2:01 0:00
3 Stars
1 - Sidney Crosby (MTL)
2 - Tyler Bertuzzi (CHI)
3 - Bo Horvat (CHI)
Power Play
Montreal Canadiens - 1 on 2 Attempt(s) - 50.00%
Chicago Black Hawks - 1 on 3 Attempt(s) - 33.33%
Penalty Kill
Montreal Canadiens - 2 on 3 Attempt(s) - 66.67%
- Score 0 goal in Penalty Kill
Chicago Black Hawks - 1 on 2 Attempt(s) - 50.00%
- Score 0 goal in Penalty Kill
Team Stat
Montreal Canadiens - Hits : 22 - Faceoff Wins : 29 - Blocked Shots : 9 - Penalty Minutes : 6
Chicago Black Hawks - Hits : 22 - Faceoff Wins : 36 - Blocked Shots : 15 - Penalty Minutes : 4
Official
Referees : Garrett Rank and Chris Lee
Linesman : Michel Cormier and Matt MacPherson
Game Notes
Sidney Crosby has scored a Hat Trick!
Finance
Level 1 -- Attendance: 4477 (74.62%) -- Ticket Income $447,700
Level 2 -- Attendance: 3903 (78.06%) -- Ticket Income $234,180
Level 3 -- Attendance: 2342 (78.07%) -- Ticket Income $81,970
Level 4 -- Attendance: 3793 (75.86%) -- Ticket Income $94,825
Luxury Box -- Attendance: 774 (77.40%) -- Ticket Income $154,800
Game was played at the United Center.
Total Attendance: 15289 (76.45%)
Total Ticket Income: $1,013,475
Other Income: $354,716
Total Income: $1,368,191
Montreal Canadiens
5 vs 5 Forward
Center Left Wing Right Wing Time % Phy DF OF
1 Sidney Crosby Filip Forsberg Patrik Laine 39 1 2 2
2 Tyson Jost Jonathan Marchessault Martin Necas 30 1 2 2
3 Jake Evans Tomas Nosek Christian Fischer 20 1 2 2
4 Vladislav Namestnikov Miles Wood Evgeni Dadonov 11 1 2 2
5 vs 5 Defense
Defense Defense Time % Phy DF OF
1 Adam Fox Brady Skjei 37 1 2 2
2 Filip Hronek Tyler Myers 30 1 2 2
3 Marco Scandella Scott Mayfield 18 1 4 0
4 Adam Fox Brady Skjei 15 1 2 2
PowerPlay Forward
Center Left Wing Right Wing Time % Phy DF OF
1 Sidney Crosby Filip Forsberg Patrik Laine 65 0 1 4
2 Jake Evans Jonathan Marchessault Martin Necas 35 0 1 4
PowerPlay Defense
Defense Defense Time % Phy DF OF
1 Adam Fox Filip Hronek 70 0 1 4
2 Brady Skjei Tyler Myers 30 0 1 4
Penalty Kill 4 Players Forward
Center Wing Time % Phy DF OF
1 Jake Evans Christian Fischer 50 1 3 1
2 Tyson Jost Tomas Nosek 50 1 3 1
Penalty Kill 4 Players Defense
Defense Defense Time % Phy DF OF
1 Scott Mayfield Marco Scandella 50 1 3 1
2 Adam Fox Tyler Myers 50 1 3 1
Penalty Kill - 3 Players Forward
Forward Time % Phy DF OF
1 Jake Evans 50 1 4 0
2 Tomas Nosek 50 1 4 0
Penalty Kill - 3 Players Defense
Defense Defense Time % Phy DF OF
1 Scott Mayfield Marco Scandella 50 1 3 1
2 Adam Fox Tyler Myers 50 1 3 1
4 vs 4 Forward
Center Wing Time % Phy DF OF
1 Sidney Crosby Filip Forsberg 60 1 1 3
2 Martin Necas Patrik Laine 40 1 1 3
4 vs 4 Defense
Defense Defense Time % Phy DF OF
1 Adam Fox Brady Skjei 55 1 2 2
2 Filip Hronek Tyler Myers 45 1 2 2
Last Minutes Offensive
Center Left Wing Right Wing Defense Defense
Sidney Crosby Patrik Laine Filip Forsberg Filip Hronek Adam Fox
Last Minutes Defensive
Center Left Wing Right Wing Defense Defense
Tyson Jost Tomas Nosek Jake Evans Adam Fox Scott Mayfield
Goaltenders
Starting : Jacob Markstrom
Backup : David Rittich
Extra Forwards
Normal : Sidney Crosby, Martin Necas, Filip Forsberg - PP : Martin Necas, Patrik Laine - PK : Christian Fischer
Extra Defensemen
Normal : Adam Fox, Filip Hronek, Brady Skjei - PP : Adam Fox - PK : Adam Fox, Tyler Myers
Penalty Shots
Sidney Crosby, Patrik Laine, Filip Forsberg, Jonathan Marchessault, Tomas Nosek
Chicago Black Hawks
5 vs 5 Forward
Center Left Wing Right Wing Time % Phy DF OF
1 Patrice Bergeron Kevin Fiala Vincent Trocheck 30 1 2 2
2 Bo Horvat Barrett Hayton Tyler Bertuzzi 30 1 2 2
3 Morgan Frost Michael Rasmussen Cal Clutterbuck 25 1 2 2
4 Frederick Gaudreau Cole Perfetti Shane Pinto 15 1 2 2
5 vs 5 Defense
Defense Defense Time % Phy DF OF
1 Seth Jones Brent Burns 35 0 3 2
2 Devon Toews Christopher Tanev 35 0 3 2
3 Morgan Rielly Travis Sanheim 30 0 3 2
4 Devon Toews Morgan Rielly 0 0 4 1
PowerPlay Forward
Center Left Wing Right Wing Time % Phy DF OF
1 Bo Horvat Kevin Fiala Vincent Trocheck 50 0 0 5
2 Patrice Bergeron Barrett Hayton Tyler Bertuzzi 50 0 0 5
PowerPlay Defense
Defense Defense Time % Phy DF OF
1 Seth Jones Brent Burns 50 0 0 5
2 Devon Toews Morgan Rielly 50 0 0 5
Penalty Kill 4 Players Forward
Center Wing Time % Phy DF OF
1 Frederick Gaudreau Cal Clutterbuck 50 0 5 0
2 Patrice Bergeron Michael Rasmussen 50 0 5 0
Penalty Kill 4 Players Defense
Defense Defense Time % Phy DF OF
1 Devon Toews Christopher Tanev 50 0 5 0
2 Travis Sanheim Seth Jones 50 0 5 0
Penalty Kill - 3 Players Forward
Forward Time % Phy DF OF
1 Frederick Gaudreau 50 0 5 0
2 Bo Horvat 50 0 5 0
Penalty Kill - 3 Players Defense
Defense Defense Time % Phy DF OF
1 Christopher Tanev Travis Sanheim 50 0 5 0
2 Devon Toews Morgan Rielly 50 0 5 0
4 vs 4 Forward
Center Wing Time % Phy DF OF
1 Vincent Trocheck Morgan Frost 50 1 2 2
2 Barrett Hayton Kevin Fiala 50 1 2 2
4 vs 4 Defense
Defense Defense Time % Phy DF OF
1 Seth Jones Brent Burns 50 0 3 2
2 Christopher Tanev Travis Sanheim 50 0 3 2
Last Minutes Offensive
Center Left Wing Right Wing Defense Defense
Patrice Bergeron Kevin Fiala Vincent Trocheck Seth Jones Brent Burns
Last Minutes Defensive
Center Left Wing Right Wing Defense Defense
Bo Horvat Michael Rasmussen Frederick Gaudreau Devon Toews Christopher Tanev
Goaltenders
Starting : Jordan Binnington
Backup : Thatcher Demko
Extra Forwards
Normal : Shane Pinto, Morgan Frost, Bo Horvat - PP : Shane Pinto, Morgan Frost - PK : Bo Horvat
Extra Defensemen
Normal : Christopher Tanev, Travis Sanheim, Seth Jones - PP : Christopher Tanev - PK : Travis Sanheim, Brent Burns
Penalty Shots
Frederick Gaudreau, Devon Toews, Barrett Hayton, Brent Burns, Bo Horvat
% Time on Ice - Montreal Canadiens
Lines # - Real PCT - Wanted PCT - Time Play
Normal Forward
1 - 37% - 39% - 19:41
2 - 26% - 30% - 14:09
3 - 20% - 20% - 10:32
4 - 17% - 11% - 9:06
Normal Defense
1 - 35% - 37% - 18:38
2 - 33% - 30% - 17:24
3 - 22% - 18% - 11:37
4 - 11% - 15% - 5:49
PP Forward
1 - 62% - 65% - 1:33
2 - 38% - 35% - 0:56
PP Defense
1 - 64% - 70% - 1:35
2 - 36% - 30% - 0:54
PK Forward
1 - 42% - 50% - 1:43
2 - 58% - 50% - 2:20
PK Defense
1 - 66% - 50% - 2:40
2 - 34% - 50% - 1:23
PK3 Forward
1 - 0% - 50%
2 - 0% - 50%
PK3 Defense
1 - 0% - 50%
2 - 0% - 50%
44 Forward
1 - 97% - 60% - 4:22
2 - 3% - 40% - 0:07
44 Defense
1 - 57% - 55% - 2:34
2 - 43% - 45% - 1:55
Last Minute Offensive - 0:00
Last Minute Defensive - 0:00
Total
Forward - 64:29
Defense - 64:29
|
% Time on Ice - Chicago Black Hawks
Lines # - Real PCT - Wanted PCT - Time Play
Normal Forward
1 - 30% - 30% - 16:04
2 - 28% - 30% - 15:10
3 - 24% - 25% - 12:48
4 - 18% - 15% - 9:26
Normal Defense
1 - 35% - 35% - 18:37
2 - 35% - 35% - 18:43
3 - 29% - 30% - 15:27
4 - 1% - 0% - 0:41
PP Forward
1 - 50% - 50% - 2:01
2 - 50% - 50% - 2:02
PP Defense
1 - 51% - 50% - 2:05
2 - 49% - 50% - 1:58
PK Forward
1 - 42% - 50% - 1:02
2 - 58% - 50% - 1:27
PK Defense
1 - 54% - 50% - 1:20
2 - 46% - 50% - 1:09
PK3 Forward
1 - 0% - 50%
2 - 0% - 50%
PK3 Defense
1 - 0% - 50%
2 - 0% - 50%
44 Forward
1 - 51% - 50% - 2:17
2 - 49% - 50% - 2:12
44 Defense
1 - 55% - 50% - 2:28
2 - 45% - 50% - 2:01
Last Minute Offensive - 0:00
Last Minute Defensive - 0:00
Total
Forward - 64:29
Defense - 64:29
|
Play-by-Play
1st period
0:01 of 1st period - Patrice Bergeron wins face-off versus Sidney Crosby in neutral zone.
0:27 of 1st period - Tyson Jost is hit by Tyler Bertuzzi.
1:16 of 1st period - Wrist shot by Bo Horvat.
1:16 of 1st period - Goal by Bo Horvat - Montreal Canadiens : 0 - Chicago Black Hawks : 1.
1:17 of 1st period - Jake Evans wins face-off versus Morgan Frost in neutral zone.
1:55 of 1st period - Slapshot by Sidney Crosby.
1:55 of 1st period - Deflect By Patrik Laine.
1:55 of 1st period - Stopped by Jordan Binnington without a rebound.
1:56 of 1st period - Patrice Bergeron wins face-off versus Vladislav Namestnikov in Chicago Black Hawks zone.
2:09 of 1st period - Wrist shot by Patrice Bergeron.
2:09 of 1st period - Shot Blocked by Adam Fox.
2:34 of 1st period - Wrist shot by Morgan Frost.
2:34 of 1st period - Shot Misses the Net.
2:48 of 1st period - Slapshot by Frederick Gaudreau.
2:48 of 1st period - Stopped by Jacob Markstrom without a rebound.
2:49 of 1st period - Shane Pinto wins face-off versus Jake Evans in Montreal Canadiens zone.
3:18 of 1st period - Wrist shot by Cole Perfetti.
3:18 of 1st period - Shot Misses the Net.
3:36 of 1st period - Devon Toews is hit by Jake Evans and loses puck.
3:52 of 1st period - Slapshot by Travis Sanheim.
3:52 of 1st period - Stopped by Jacob Markstrom with a rebound.
3:54 of 1st period - Snap shot by Travis Sanheim.
3:54 of 1st period - Shot Misses the Net.
3:58 of 1st period - Snap shot by Cole Perfetti.
3:58 of 1st period - Shot Misses the Net.
4:00 of 1st period - Slapshot by Morgan Rielly.
4:00 of 1st period - Deflect By Tomas Nosek.
4:00 of 1st period - Stopped by Jacob Markstrom with a rebound.
4:10 of 1st period - Slapshot by Brent Burns.
4:10 of 1st period - Deflect By Frederick Gaudreau.
4:10 of 1st period - Stopped by Jacob Markstrom without a rebound.
4:11 of 1st period - Sidney Crosby wins face-off versus Patrice Bergeron in Montreal Canadiens zone.
4:45 of 1st period - Snap shot by Morgan Frost.
4:45 of 1st period - Stopped by Jacob Markstrom with a rebound.
4:47 of 1st period - Snap shot by Christopher Tanev.
4:47 of 1st period - Deflect By Morgan Frost.
4:47 of 1st period - Stopped by Jacob Markstrom with a rebound.
6:24 of 1st period - Wrist shot by Tyler Bertuzzi.
6:24 of 1st period - Deflect By Bo Horvat.
6:24 of 1st period - Shot Misses the Net.
6:24 of 1st period - Puck is out of play.
6:25 of 1st period - Tyson Jost wins face-off versus Bo Horvat in Montreal Canadiens zone.
7:32 of 1st period - Snap shot by Bo Horvat.
7:32 of 1st period - Stopped by Jacob Markstrom with a rebound.
8:06 of 1st period - Snap shot by Bo Horvat.
8:06 of 1st period - Stopped by Jacob Markstrom without a rebound.
8:07 of 1st period - Patrice Bergeron wins face-off versus Jonathan Marchessault in Montreal Canadiens zone.
8:16 of 1st period - Wrist shot by Jonathan Marchessault.
8:16 of 1st period - Stopped by Jordan Binnington with a rebound.
8:18 of 1st period - Snap shot by Tyler Myers.
8:18 of 1st period - Stopped by Jordan Binnington with a rebound.
8:20 of 1st period - Backhand shot by Tyler Myers.
8:20 of 1st period - Shot Blocked by Kevin Fiala.
8:32 of 1st period - Tyler Myers is hit by Seth Jones and loses puck.
8:51 of 1st period - Slapshot by Adam Fox.
8:51 of 1st period - Deflect By Morgan Rielly.
8:51 of 1st period - Stopped by Jordan Binnington with a rebound.
8:53 of 1st period - Wrist shot by Jake Evans.
8:53 of 1st period - Stopped by Jordan Binnington without a rebound.
8:54 of 1st period - Patrice Bergeron wins face-off versus Jake Evans in Chicago Black Hawks zone.
8:54 of 1st period - Patrice Bergeron is hit by Christian Fischer.
9:24 of 1st period - Patrik Laine is hit by Bo Horvat and loses puck.
9:38 of 1st period - Icing by Barrett Hayton.
9:39 of 1st period - Bo Horvat wins face-off versus Tyson Jost in Chicago Black Hawks zone.
9:52 of 1st period - Snap shot by Jonathan Marchessault.
9:52 of 1st period - Deflect By Martin Necas.
9:52 of 1st period - Shot Misses the Net.
9:52 of 1st period - Puck is out of play.
9:53 of 1st period - Patrice Bergeron wins face-off versus Sidney Crosby in Chicago Black Hawks zone.
10:00 of 1st period - Snap shot by Patrice Bergeron.
10:00 of 1st period - Shot Misses the Net.
10:02 of 1st period - Snap shot by Travis Sanheim.
10:02 of 1st period - Deflect By Kevin Fiala.
10:02 of 1st period - Stopped by Jacob Markstrom without a rebound.
10:03 of 1st period - Patrice Bergeron wins face-off versus Sidney Crosby in Montreal Canadiens zone.
10:10 of 1st period - Slapshot by Vincent Trocheck.
10:10 of 1st period - Deflect By Patrice Bergeron.
10:10 of 1st period - Stopped by Jacob Markstrom without a rebound.
10:11 of 1st period - Sidney Crosby wins face-off versus Morgan Frost in Montreal Canadiens zone.
10:11 of 1st period - Sidney Crosby is hit by Cal Clutterbuck.
10:33 of 1st period - Minor Penalty to Michael Rasmussen for Roughing.
10:34 of 1st period - Sidney Crosby wins face-off versus Frederick Gaudreau in Chicago Black Hawks zone.
11:37 of 1st period - Jake Evans is hit by Cal Clutterbuck and loses puck.
12:16 of 1st period - Barrett Hayton is hit by Martin Necas and loses puck.
12:29 of 1st period - Tyler Myers is hit by Patrice Bergeron and loses puck.
12:33 of 1st period - Penalty to Michael Rasmussen is over, Michael Rasmussen is back on ice.
12:59 of 1st period - Slapshot by Patrik Laine.
12:59 of 1st period - Stopped by Jordan Binnington with a rebound.
13:01 of 1st period - Slapshot by Sidney Crosby.
13:01 of 1st period - Shot Blocked by Travis Sanheim.
13:03 of 1st period - Wrist shot by Tyler Myers.
13:03 of 1st period - Shot Misses the Net.
13:05 of 1st period - Snap shot by Patrik Laine.
13:05 of 1st period - Shot Misses the Net.
13:12 of 1st period - Icing by Travis Sanheim.
13:13 of 1st period - Patrice Bergeron wins face-off versus Vladislav Namestnikov in Chicago Black Hawks zone.
13:13 of 1st period - Patrice Bergeron is hit by Scott Mayfield.
13:33 of 1st period - Michael Rasmussen is hit by Evgeni Dadonov and loses puck.
13:55 of 1st period - Off-side.
13:56 of 1st period - Jake Evans wins face-off versus Cole Perfetti in neutral zone.
14:01 of 1st period - Slapshot by Adam Fox.
14:01 of 1st period - Stopped by Jordan Binnington without a rebound.
14:02 of 1st period - Jake Evans wins face-off versus Frederick Gaudreau in Chicago Black Hawks zone.
14:27 of 1st period - Cal Clutterbuck is hit by Martin Necas and loses puck.
14:36 of 1st period - Snap shot by Jonathan Marchessault.
14:36 of 1st period - Deflect By Morgan Rielly.
14:36 of 1st period - Shot Blocked by Morgan Rielly.
14:36 of 1st period - Puck is out of play.
14:37 of 1st period - Sidney Crosby wins face-off versus Frederick Gaudreau in Chicago Black Hawks zone.
14:38 of 1st period - Wrist shot by Filip Forsberg.
14:38 of 1st period - Stopped by Jordan Binnington with a rebound.
14:40 of 1st period - Slapshot by Tyler Myers.
14:40 of 1st period - Shot Misses the Net.
14:42 of 1st period - Snap shot by Sidney Crosby.
14:42 of 1st period - Stopped by Jordan Binnington without a rebound.
14:43 of 1st period - Frederick Gaudreau wins face-off versus Sidney Crosby in Chicago Black Hawks zone.
14:57 of 1st period - Slapshot by Frederick Gaudreau.
14:57 of 1st period - Shot Blocked by Sidney Crosby.
16:15 of 1st period - Snap shot by Tyler Bertuzzi.
16:15 of 1st period - Goal by Tyler Bertuzzi - Montreal Canadiens : 0 - Chicago Black Hawks : 2.
16:16 of 1st period - Sidney Crosby wins face-off versus Patrice Bergeron in neutral zone.
16:25 of 1st period - Wrist shot by Sidney Crosby.
16:25 of 1st period - Shot Misses the Net.
16:27 of 1st period - Slapshot by Brady Skjei.
16:27 of 1st period - Deflect By Patrik Laine.
16:27 of 1st period - Shot Misses the Net.
16:27 of 1st period - Puck is out of play.
16:28 of 1st period - Tyson Jost wins face-off versus Patrice Bergeron in Chicago Black Hawks zone.
17:04 of 1st period - Wrist shot by Sidney Crosby.
17:04 of 1st period - Shot Misses the Net.
17:22 of 1st period - Morgan Rielly is hit by Christian Fischer and loses puck.
17:53 of 1st period - Wrist shot by Patrice Bergeron.
17:53 of 1st period - Shot Misses the Net.
18:11 of 1st period - Wrist shot by Miles Wood.
18:11 of 1st period - Stopped by Jordan Binnington without a rebound.
18:12 of 1st period - Vladislav Namestnikov wins face-off versus Morgan Frost in Chicago Black Hawks zone.
18:17 of 1st period - Backhand shot by Adam Fox.
18:17 of 1st period - Deflect By Evgeni Dadonov.
18:17 of 1st period - Shot Misses the Net.
18:17 of 1st period - Puck is out of play.
18:18 of 1st period - Morgan Frost wins face-off versus Sidney Crosby in Chicago Black Hawks zone.
18:27 of 1st period - Snap shot by Michael Rasmussen.
18:27 of 1st period - Stopped by Jacob Markstrom with a rebound.
19:55 of 1st period - Tyler Bertuzzi is hit by Miles Wood and loses puck.
Goals for this period are 0 for Montreal Canadiens vs 2 for Chicago Black Hawks.
Shots for this period are 10 for Montreal Canadiens vs 13 for Chicago Black Hawks.
2nd period
0:01 of 2nd period - Sidney Crosby wins face-off versus Patrice Bergeron in neutral zone.
0:58 of 2nd period - Off-side.
0:59 of 2nd period - Sidney Crosby wins face-off versus Patrice Bergeron in neutral zone.
1:16 of 2nd period - Snap shot by Filip Forsberg.
1:16 of 2nd period - Shot Blocked by Brent Burns.
1:26 of 2nd period - Filip Hronek is hit by Cal Clutterbuck and loses puck.
1:35 of 2nd period - Wrist shot by Morgan Frost.
1:35 of 2nd period - Stopped by Jacob Markstrom with a rebound.
1:40 of 2nd period - Minor Penalty to Tyson Jost for Cross-checking.
1:41 of 2nd period - Jake Evans wins face-off versus Vincent Trocheck in Montreal Canadiens zone.
1:55 of 2nd period - Wrist shot by Kevin Fiala.
1:55 of 2nd period - Shot Blocked by Tomas Nosek.
1:57 of 2nd period - Wrist shot by Bo Horvat.
1:57 of 2nd period - Shot Misses the Net.
2:07 of 2nd period - Seth Jones is hit by Jake Evans and loses puck.
3:40 of 2nd period - Penalty to Tyson Jost is over, Tyson Jost is back on ice.
4:38 of 2nd period - Off-side.
4:39 of 2nd period - Morgan Frost wins face-off versus Sidney Crosby in neutral zone.
4:46 of 2nd period - Wrist shot by Cal Clutterbuck.
4:46 of 2nd period - Stopped by Jacob Markstrom with a rebound.
4:48 of 2nd period - Slapshot by Christopher Tanev.
4:48 of 2nd period - Shot Misses the Net.
5:04 of 2nd period - Cole Perfetti is hit by Jonathan Marchessault and loses puck.
5:32 of 2nd period - Marco Scandella is hit by Vincent Trocheck and loses puck.
5:54 of 2nd period - Slapshot by Scott Mayfield.
5:54 of 2nd period - Deflect By Miles Wood.
5:54 of 2nd period - Stopped by Jordan Binnington without a rebound.
5:55 of 2nd period - Sidney Crosby wins face-off versus Bo Horvat in Chicago Black Hawks zone.
5:58 of 2nd period - Slapshot by Filip Forsberg.
5:58 of 2nd period - Stopped by Jordan Binnington without a rebound.
5:59 of 2nd period - Patrice Bergeron wins face-off versus Sidney Crosby in Chicago Black Hawks zone.
6:11 of 2nd period - Slapshot by Filip Forsberg.
6:11 of 2nd period - Shot Misses the Net.
6:13 of 2nd period - Wrist shot by Filip Forsberg.
6:13 of 2nd period - Shot Misses the Net.
6:15 of 2nd period - Snap shot by Filip Forsberg.
6:15 of 2nd period - Deflect By Sidney Crosby.
6:15 of 2nd period - Goal by Sidney Crosby - Montreal Canadiens : 1 - Chicago Black Hawks : 2.
6:16 of 2nd period - Vincent Trocheck wins face-off versus Filip Forsberg in neutral zone.
6:21 of 2nd period - Wrist shot by Kevin Fiala.
6:21 of 2nd period - Deflect By Patrice Bergeron.
6:21 of 2nd period - Stopped by Jacob Markstrom without a rebound.
6:22 of 2nd period - Sidney Crosby wins face-off versus Kevin Fiala in Montreal Canadiens zone.
6:39 of 2nd period - Slapshot by Seth Jones.
6:39 of 2nd period - Shot Misses the Net.
8:59 of 2nd period - Off-side.
9:00 of 2nd period - Vladislav Namestnikov wins face-off versus Bo Horvat in neutral zone.
9:38 of 2nd period - Slapshot by Morgan Rielly.
9:38 of 2nd period - Shot Misses the Net.
9:44 of 2nd period - Snap shot by Miles Wood.
9:44 of 2nd period - Deflect By Vladislav Namestnikov.
9:44 of 2nd period - Shot Misses the Net.
9:44 of 2nd period - Puck is out of play.
9:45 of 2nd period - Morgan Frost wins face-off versus Tyson Jost in Chicago Black Hawks zone.
9:45 of 2nd period - Morgan Frost is hit by Brady Skjei.
10:00 of 2nd period - Off-side.
10:01 of 2nd period - Bo Horvat wins face-off versus Sidney Crosby in neutral zone.
10:18 of 2nd period - Snap shot by Patrik Laine.
10:18 of 2nd period - Shot Misses the Net.
10:32 of 2nd period - Wrist shot by Vincent Trocheck.
10:32 of 2nd period - Stopped by Jacob Markstrom without a rebound.
10:33 of 2nd period - Patrice Bergeron wins face-off versus Tyson Jost in Montreal Canadiens zone.
10:58 of 2nd period - Filip Forsberg is hit by Barrett Hayton.
11:32 of 2nd period - Snap shot by Morgan Frost.
11:32 of 2nd period - Stopped by Jacob Markstrom with a rebound.
11:52 of 2nd period - Slapshot by Cole Perfetti.
11:52 of 2nd period - Goal by Cole Perfetti - Montreal Canadiens : 1 - Chicago Black Hawks : 3.
11:53 of 2nd period - Sidney Crosby wins face-off versus Bo Horvat in neutral zone.
12:29 of 2nd period - Martin Necas is hit by Cal Clutterbuck and loses puck.
12:52 of 2nd period - Snap shot by Patrice Bergeron.
12:52 of 2nd period - Shot Blocked by Tyler Myers.
13:16 of 2nd period - Off-side.
13:17 of 2nd period - Bo Horvat wins face-off versus Sidney Crosby in neutral zone.
13:32 of 2nd period - Backhand shot by Tyler Bertuzzi.
13:32 of 2nd period - Shot Misses the Net.
13:34 of 2nd period - Slapshot by Devon Toews.
13:34 of 2nd period - Stopped by Jacob Markstrom with a rebound.
13:44 of 2nd period - Marco Scandella is hit by Michael Rasmussen.
14:01 of 2nd period - Sidney Crosby is hit by Morgan Frost and loses puck.
14:32 of 2nd period - Off-side.
14:33 of 2nd period - Tomas Nosek wins face-off versus Bo Horvat in neutral zone.
14:36 of 2nd period - Wrist shot by Jake Evans.
14:36 of 2nd period - Shot Blocked by Barrett Hayton.
14:38 of 2nd period - Slapshot by Tomas Nosek.
14:38 of 2nd period - Shot Misses the Net.
14:42 of 2nd period - Slapshot by Christian Fischer.
14:42 of 2nd period - Goal by Christian Fischer - Montreal Canadiens : 2 - Chicago Black Hawks : 3.
14:43 of 2nd period - Bo Horvat wins face-off versus Tyson Jost in neutral zone.
15:08 of 2nd period - Adam Fox is hit by Kevin Fiala.
15:16 of 2nd period - Wrist shot by Vincent Trocheck.
15:16 of 2nd period - Stopped by Jacob Markstrom with a rebound.
15:18 of 2nd period - Snap shot by Kevin Fiala.
15:18 of 2nd period - Stopped by Jacob Markstrom with a rebound.
15:52 of 2nd period - Snap shot by Martin Necas.
15:52 of 2nd period - Shot Blocked by Cole Perfetti.
17:50 of 2nd period - Seth Jones is hit by Marco Scandella and loses puck.
18:49 of 2nd period - Snap shot by Sidney Crosby.
18:49 of 2nd period - Shot Blocked by Barrett Hayton.
18:51 of 2nd period - Snap shot by Sidney Crosby.
18:51 of 2nd period - Shot Blocked by Tyler Bertuzzi.
18:55 of 2nd period - Snap shot by Sidney Crosby.
18:55 of 2nd period - Stopped by Jordan Binnington with a rebound.
18:57 of 2nd period - Snap shot by Filip Forsberg.
18:57 of 2nd period - Shot Misses the Net.
18:59 of 2nd period - Snap shot by Filip Forsberg.
18:59 of 2nd period - Shot Misses the Net.
19:05 of 2nd period - Wrist shot by Sidney Crosby.
19:05 of 2nd period - Shot Blocked by Brent Burns.
19:07 of 2nd period - Wrist shot by Sidney Crosby.
19:07 of 2nd period - Goal by Sidney Crosby - Montreal Canadiens : 3 - Chicago Black Hawks : 3.
19:08 of 2nd period - Patrice Bergeron wins face-off versus Tyson Jost in neutral zone.
19:40 of 2nd period - Slapshot by Adam Fox.
19:40 of 2nd period - Stopped by Jordan Binnington with a rebound.
19:42 of 2nd period - Snap shot by Christian Fischer.
19:42 of 2nd period - Stopped by Jordan Binnington with a rebound.
19:44 of 2nd period - Slapshot by Brady Skjei.
19:44 of 2nd period - Shot Misses the Net.
19:46 of 2nd period - Snap shot by Tomas Nosek.
19:46 of 2nd period - Stopped by Jordan Binnington with a rebound.
19:48 of 2nd period - Slapshot by Jake Evans.
19:48 of 2nd period - Shot Misses the Net.
Goals for this period are 3 for Montreal Canadiens vs 1 for Chicago Black Hawks.
Shots for this period are 9 for Montreal Canadiens vs 9 for Chicago Black Hawks.
3rd period
0:01 of 3rd period - Patrice Bergeron wins face-off versus Tyson Jost in neutral zone.
0:26 of 3rd period - Adam Fox is hit by Cal Clutterbuck and loses puck.
1:15 of 3rd period - Shane Pinto is hit by Vladislav Namestnikov and loses puck.
1:54 of 3rd period - Patrice Bergeron is hit by Vladislav Namestnikov and loses puck.
2:08 of 3rd period - Icing by Filip Hronek.
2:09 of 3rd period - Vladislav Namestnikov wins face-off versus Morgan Frost in Montreal Canadiens zone.
2:54 of 3rd period - Slapshot by Evgeni Dadonov.
2:54 of 3rd period - Shot Blocked by Brent Burns.
2:56 of 3rd period - Wrist shot by Miles Wood.
2:56 of 3rd period - Stopped by Jordan Binnington with a rebound.
2:58 of 3rd period - Snap shot by Evgeni Dadonov.
2:58 of 3rd period - Stopped by Jordan Binnington without a rebound.
2:59 of 3rd period - Patrice Bergeron wins face-off versus Tyson Jost in Chicago Black Hawks zone.
3:16 of 3rd period - Wrist shot by Kevin Fiala.
3:16 of 3rd period - Stopped by Jacob Markstrom without a rebound.
3:17 of 3rd period - Morgan Frost wins face-off versus Sidney Crosby in Montreal Canadiens zone.
3:22 of 3rd period - Slapshot by Michael Rasmussen.
3:22 of 3rd period - Stopped by Jacob Markstrom without a rebound.
3:23 of 3rd period - Morgan Frost wins face-off versus Sidney Crosby in Montreal Canadiens zone.
3:38 of 3rd period - Snap shot by Michael Rasmussen.
3:38 of 3rd period - Shot Misses the Net.
3:50 of 3rd period - Snap shot by Martin Necas.
3:50 of 3rd period - Stopped by Jordan Binnington with a rebound.
4:04 of 3rd period - Minor Penalty to Martin Necas for Interference.
4:05 of 3rd period - Tyler Bertuzzi wins face-off versus Jake Evans in Montreal Canadiens zone.
5:44 of 3rd period - Jake Evans is hit by Tyler Bertuzzi and loses puck.
6:04 of 3rd period - Penalty to Martin Necas is over, Martin Necas is back on ice.
6:39 of 3rd period - Snap shot by Cole Perfetti.
6:39 of 3rd period - Stopped by Jacob Markstrom without a rebound.
6:40 of 3rd period - Sidney Crosby wins face-off versus Frederick Gaudreau in Montreal Canadiens zone.
7:05 of 3rd period - Backhand shot by Evgeni Dadonov.
7:05 of 3rd period - Stopped by Jordan Binnington with a rebound.
7:07 of 3rd period - Slapshot by Filip Hronek.
7:07 of 3rd period - Shot Blocked by Shane Pinto.
7:09 of 3rd period - Slapshot by Tyler Myers.
7:09 of 3rd period - Shot Misses the Net.
7:17 of 3rd period - Wrist shot by Miles Wood.
7:17 of 3rd period - Shot Blocked by Seth Jones.
7:27 of 3rd period - Adam Fox is hit by Patrice Bergeron and loses puck.
7:56 of 3rd period - Slapshot by Adam Fox.
7:56 of 3rd period - Shot Blocked by Christopher Tanev.
7:58 of 3rd period - Wrist shot by Jake Evans.
7:58 of 3rd period - Stopped by Jordan Binnington without a rebound.
7:59 of 3rd period - Sidney Crosby wins face-off versus Patrice Bergeron in Chicago Black Hawks zone.
8:10 of 3rd period - Kevin Fiala is hit by Tyler Myers and loses puck.
8:25 of 3rd period - Travis Sanheim is hit by Tomas Nosek and loses puck.
8:30 of 3rd period - Slapshot by Jake Evans.
8:30 of 3rd period - Stopped by Jordan Binnington without a rebound.
8:31 of 3rd period - Bo Horvat wins face-off versus Jake Evans in Chicago Black Hawks zone.
8:39 of 3rd period - Minor Penalty to Jake Evans for High sticking.
8:40 of 3rd period - Patrice Bergeron wins face-off versus Tyson Jost in Montreal Canadiens zone.
8:40 of 3rd period - Snap shot by Tyler Bertuzzi.
8:40 of 3rd period - Shot Blocked by Adam Fox.
8:42 of 3rd period - Snap shot by Barrett Hayton.
8:42 of 3rd period - Shot Misses the Net.
8:44 of 3rd period - Wrist shot by Barrett Hayton.
8:44 of 3rd period - Goal by Barrett Hayton - Montreal Canadiens : 3 - Chicago Black Hawks : 4.
8:45 of 3rd period - Patrice Bergeron wins face-off versus Tyson Jost in neutral zone.
8:53 of 3rd period - Tyson Jost is hit by Vincent Trocheck and loses puck.
9:10 of 3rd period - Morgan Rielly is hit by Tomas Nosek.
9:20 of 3rd period - Wrist shot by Morgan Frost.
9:20 of 3rd period - Stopped by Jacob Markstrom with a rebound.
9:22 of 3rd period - Slapshot by Travis Sanheim.
9:22 of 3rd period - Stopped by Jacob Markstrom with a rebound.
9:38 of 3rd period - Wrist shot by Cole Perfetti.
9:38 of 3rd period - Deflect By Shane Pinto.
9:38 of 3rd period - Shot Misses the Net.
9:38 of 3rd period - Puck is out of play.
9:39 of 3rd period - Frederick Gaudreau wins face-off versus Sidney Crosby in Montreal Canadiens zone.
9:53 of 3rd period - Minor Penalty to Christopher Tanev for Hooking.
9:54 of 3rd period - Sidney Crosby wins face-off versus Frederick Gaudreau in Chicago Black Hawks zone.
10:09 of 3rd period - Wrist shot by Patrik Laine.
10:09 of 3rd period - Deflect By Travis Sanheim.
10:09 of 3rd period - Shot Misses the Net.
10:09 of 3rd period - Puck is out of play.
10:10 of 3rd period - Sidney Crosby wins face-off versus Frederick Gaudreau in Chicago Black Hawks zone.
10:23 of 3rd period - Wrist shot by Sidney Crosby.
10:23 of 3rd period - Deflect By Patrik Laine.
10:23 of 3rd period - Goal by Patrik Laine - Montreal Canadiens : 4 - Chicago Black Hawks : 4.
10:24 of 3rd period - Patrice Bergeron wins face-off versus Tyson Jost in neutral zone.
10:38 of 3rd period - Off-side.
10:39 of 3rd period - Bo Horvat wins face-off versus Sidney Crosby in neutral zone.
10:50 of 3rd period - Adam Fox is hit by Tyler Bertuzzi.
11:16 of 3rd period - Wrist shot by Jonathan Marchessault.
11:16 of 3rd period - Stopped by Jordan Binnington with a rebound.
11:30 of 3rd period - Wrist shot by Morgan Frost.
11:30 of 3rd period - Stopped by Jacob Markstrom without a rebound.
11:31 of 3rd period - Morgan Frost wins face-off versus Sidney Crosby in Montreal Canadiens zone.
11:32 of 3rd period - Backhand shot by Morgan Rielly.
11:32 of 3rd period - Deflect By Sidney Crosby.
11:32 of 3rd period - Stopped by Jacob Markstrom without a rebound.
11:33 of 3rd period - Morgan Frost wins face-off versus Sidney Crosby in Montreal Canadiens zone.
11:46 of 3rd period - Slapshot by Sidney Crosby.
11:46 of 3rd period - Goal by Sidney Crosby - Montreal Canadiens : 5 - Chicago Black Hawks : 4.
11:47 of 3rd period - Tyson Jost wins face-off versus Bo Horvat in neutral zone.
11:59 of 3rd period - Off-side.
12:00 of 3rd period - Tyson Jost wins face-off versus Patrice Bergeron in neutral zone.
12:33 of 3rd period - Slapshot by Barrett Hayton.
12:33 of 3rd period - Shot Blocked by Adam Fox.
12:41 of 3rd period - Christopher Tanev is hit by Adam Fox and loses puck.
13:00 of 3rd period - Snap shot by Miles Wood.
13:00 of 3rd period - Shot Blocked by Devon Toews.
13:26 of 3rd period - Wrist shot by Tyler Bertuzzi.
13:26 of 3rd period - Shot Misses the Net.
13:28 of 3rd period - Slapshot by Seth Jones.
13:28 of 3rd period - Deflect By Barrett Hayton.
13:28 of 3rd period - Stopped by Jacob Markstrom without a rebound.
13:29 of 3rd period - Tyson Jost wins face-off versus Morgan Frost in Montreal Canadiens zone.
13:36 of 3rd period - Snap shot by Jonathan Marchessault.
13:36 of 3rd period - Shot Blocked by Morgan Rielly.
13:38 of 3rd period - Snap shot by Tyson Jost.
13:38 of 3rd period - Shot Misses the Net.
13:40 of 3rd period - Slapshot by Marco Scandella.
13:40 of 3rd period - Stopped by Jordan Binnington without a rebound.
13:41 of 3rd period - Tyson Jost wins face-off versus Patrice Bergeron in Chicago Black Hawks zone.
14:08 of 3rd period - Morgan Rielly is hit by Brady Skjei and loses puck.
14:37 of 3rd period - Wrist shot by Shane Pinto.
14:37 of 3rd period - Deflect By Filip Hronek.
14:37 of 3rd period - Goal by Shane Pinto - Montreal Canadiens : 5 - Chicago Black Hawks : 5.
14:38 of 3rd period - Patrice Bergeron wins face-off versus Tyson Jost in neutral zone.
14:41 of 3rd period - Adam Fox is hit by Kevin Fiala.
15:29 of 3rd period - Filip Hronek is hit by Brent Burns and loses puck.
15:36 of 3rd period - Snap shot by Barrett Hayton.
15:36 of 3rd period - Stopped by Jacob Markstrom with a rebound.
15:38 of 3rd period - Snap shot by Tyler Bertuzzi.
15:38 of 3rd period - Stopped by Jacob Markstrom with a rebound.
16:05 of 3rd period - Icing by Travis Sanheim.
16:06 of 3rd period - Frederick Gaudreau wins face-off versus Vladislav Namestnikov in Chicago Black Hawks zone.
16:13 of 3rd period - Snap shot by Morgan Frost.
16:13 of 3rd period - Stopped by Jacob Markstrom with a rebound.
16:15 of 3rd period - Slapshot by Travis Sanheim.
16:15 of 3rd period - Shot Blocked by Scott Mayfield.
16:19 of 3rd period - Slapshot by Morgan Rielly.
16:19 of 3rd period - Shot Blocked by Marco Scandella.
16:21 of 3rd period - Snap shot by Michael Rasmussen.
16:21 of 3rd period - Shot Misses the Net.
16:31 of 3rd period - Wrist shot by Tomas Nosek.
16:31 of 3rd period - Shot Hit the Post.
16:33 of 3rd period - Snap shot by Jake Evans.
16:33 of 3rd period - Stopped by Jordan Binnington with a rebound.
16:35 of 3rd period - Snap shot by Scott Mayfield.
16:35 of 3rd period - Shot Misses the Net.
16:37 of 3rd period - Snap shot by Christian Fischer.
16:37 of 3rd period - Stopped by Jordan Binnington with a rebound.
16:57 of 3rd period - Frederick Gaudreau is hit by Adam Fox and loses puck.
17:30 of 3rd period - Snap shot by Michael Rasmussen.
17:30 of 3rd period - Stopped by Jacob Markstrom with a rebound.
17:50 of 3rd period - Snap shot by Evgeni Dadonov.
17:50 of 3rd period - Stopped by Jordan Binnington without a rebound.
17:51 of 3rd period - Jake Evans wins face-off versus Morgan Frost in Chicago Black Hawks zone.
18:00 of 3rd period - Snap shot by Christian Fischer.
18:00 of 3rd period - Shot Misses the Net.
18:16 of 3rd period - Tyler Myers is hit by Morgan Rielly and loses puck.
18:29 of 3rd period - Snap shot by Patrice Bergeron.
18:29 of 3rd period - Shot Misses the Net.
18:39 of 3rd period - Snap shot by Cole Perfetti.
18:39 of 3rd period - Stopped by Jacob Markstrom with a rebound.
18:41 of 3rd period - Snap shot by Shane Pinto.
18:41 of 3rd period - Shot Blocked by Tyson Jost.
18:43 of 3rd period - Slapshot by Seth Jones.
18:43 of 3rd period - Stopped by Jacob Markstrom with a rebound.
18:45 of 3rd period - Snap shot by Shane Pinto.
18:45 of 3rd period - Stopped by Jacob Markstrom with a rebound.
18:47 of 3rd period - Wrist shot by Frederick Gaudreau.
18:47 of 3rd period - Stopped by Jacob Markstrom with a rebound.
19:15 of 3rd period - Slapshot by Jake Evans.
19:15 of 3rd period - Stopped by Jordan Binnington with a rebound.
19:17 of 3rd period - Snap shot by Tomas Nosek.
19:17 of 3rd period - Stopped by Jordan Binnington with a rebound.
Goals for this period are 2 for Montreal Canadiens vs 2 for Chicago Black Hawks.
Shots for this period are 15 for Montreal Canadiens vs 18 for Chicago Black Hawks.
Overtime #1
0:01 of 1st overtime period - Vincent Trocheck wins face-off versus Sidney Crosby in neutral zone.
0:55 of 1st overtime period - Christopher Tanev is hit by Martin Necas and loses puck.
1:20 of 1st overtime period - Martin Necas is hit by Barrett Hayton and loses puck.
1:45 of 1st overtime period - Barrett Hayton is hit by Evgeni Dadonov and loses puck.
2:47 of 1st overtime period - Slapshot by Morgan Rielly.
2:47 of 1st overtime period - Shot Misses the Net.
4:29 of 1st overtime period - Slapshot by Morgan Rielly.
4:29 of 1st overtime period - Goal by Morgan Rielly - Montreal Canadiens : 5 - Chicago Black Hawks : 6.
Goals for this period are 0 for Montreal Canadiens vs 1 for Chicago Black Hawks.
Shots for this period are 0 for Montreal Canadiens vs 1 for Chicago Black Hawks.
Back to the Top